 Dungeon Crawl Stone Soup version 0.27.1-33-g824d729ab1 (webtiles) character file.

Game seed: 17148141964220548074

1720 amoeba the Covered (level 8, -9/70 HPs)
             Began as a Minotaur Fighter on Dec 22, 2021.
             Was a Priest of Trog.
             Succumbed to a hornet's poison
             ... on level 8 of the Dungeon.
             The game lasted 00:14:02 (7292 turns).

amoeba the Covered (Minotaur Fighter)               Turns: 7292, Time: 00:14:03

Health: -9/70      AC: 18    Str: 28    XL:     8   Next: 75%
Magic:  7/7        EV:  8    Int:  5    God:    Trog [***...]
Gold:   203        SH: 11    Dex: 11    Spells: 7/7 levels left

rFire    . . .     SeeInvis .   B - +6 war axe (flame)
rCold    . . .     Faith    .   c - +0 kite shield
rNeg     . . .     Spirit   .   a - +0 chain mail
rPois    .         Reflect  .   (helmet restricted)
rElec    .         Harm     .   b - +0 cloak {Will+}
rCorr    .         Rampage  .   (no gloves)
Will     +....                  m - +1 pair of boots
Stlth    ..........             (no amulet)
HPRegen  0.21/turn              r - +6 ring of strength
MPRegen  0.10/turn              p - +4 ring of protection

@: lethally poisoned (-9 -> -43), about to teleport, slowed, very slow
A: horns 2, retaliatory headbutt
a: Renounce Religion, Berserk, Trog's Hand


You were on level 8 of the Dungeon.
You worshipped Trog.
Trog was most pleased with you.
You visited 1 branch of the dungeon, and saw 8 of its levels.

You collected 329 gold pieces.
You spent 126 gold pieces at shops.

Inventory:

Hand Weapons
 v - a +3 flail
 y - a +3 trident
 B - a +6 war axe of flaming (weapon)
Armour
 a - a +0 chain mail (worn)
 b - a +0 cloak of willpower (worn)
 c - a +0 kite shield (worn)
 m - a +1 pair of boots (worn)
Jewellery
 i - a ring of resist corrosion
 l - the amulet of Wariness {Spirit Contam Int+3 Dex+3 Stlth+}
   (You found it on level 7 of the Dungeon)

   [amulet of guardian spirit]

   It causes incoming damage to be divided between your reserves of health and
   magic.
   Int:       It affects your intelligence (+3).
   Dex:       It affects your dexterity (+3).
   Contam:    It causes magical contamination when unequipped.
   Stlth:     It makes you more stealthy.
 p - a +4 ring of protection (right hand)
 r - a +6 ring of strength (left hand)
 s - a ring of fire
 z - a ring of positive energy
 A - a +6 ring of dexterity
Scrolls
 f - 2 scrolls of amnesia
 g - 2 scrolls of fear
 k - 2 scrolls of summoning
 u - a scroll of fog
 C - a scroll of identify
Potions
 d - a potion of might
 e - a potion of flight {unknown}
 h - a potion of resistance {unknown}
 j - a potion of magic {unknown}
 n - 2 potions of brilliance {unknown}
 o - a potion of degeneration {unknown}
 q - a potion of lignification
 t - a potion of mutation {unknown}
 w - a potion of berserk rage {unknown}


   Skills:
 + Level 6.2 Fighting
 + Level 7.0(7.8) Axes
 + Level 5.1(6.8) Polearms
 + Level 7.1 Armour
 + Level 3.1 Dodging
 + Level 0.4 Stealth
 + Level 6.4 Shields


You had 7 spell levels left.
You didn't know any spells.
Your spell library was empty.

Dungeon Overview and Level Annotations

Branches:
Dungeon (8/15)
 Temple: D:4-7         Lair: D:8-11

Altars:
Dithmenos
Hepliaklqana
Kikubaaqudgha
Qazlal
Trog
Vehumet
Yredelemnul

Shops:
D:3 (   D:4 [   D:7 *

Annotations:
D:7 2 transporters, Menkaure


Innate Abilities, Weirdness & Mutations

You have a pair of horns on your head.
You reflexively headbutt those who attack you in melee.


Message History

Trog accepts your kill.
A hornet comes into view.
Items here: $ ( )) ††.
The hornet buzzes angrily.
You block the orc's attack.
Found a worn iron wand.
An orc comes into view. It is wielding a +0 club.
The orc hits you but does no damage.
The orc shouts!
You slice the orc!! You burn the orc.
You kill the orc!
Trog accepts your kill.
The hornet stings you but does no damage.
You barely miss the hornet. The hornet stings you!
You are poisoned.
You feel yourself slow down. The hornet stings you.
You are more poisoned.
You feel as though you will be slow longer.
You slash the hornet! You burn the hornet.
The hornet is moderately wounded.
You feel extremely sick. The hornet stings you.
You are more poisoned.
You suddenly lose the ability to move!
The hornet stings you.
You feel as though you will be slow longer.
The hornet stings you!
* * * LOW HITPOINT WARNING * * *
You are more poisoned.
You feel as though you will be slow longer.
You can move again.
As you read the scroll of teleportation, it crumbles to dust.
You feel strangely unstable.
* * * LOW HITPOINT WARNING * * *
You feel extremely sick. The hornet stings you.
* * * LOW HITPOINT WARNING * * *
You are more poisoned.
You feel as though you will be slow longer.
The hornet barely misses you.
You die...

#.. ## ... #.#. ....
#.#.#. ..... #.#.#.#.
...# #.#.#.#.#. .o#
#.#.#.#.#.#.
#y#/#.#.#.#.#.#.
#.#.#.#.#.#.#(#.
#.#@#.#.#.#.#.#.#.
#.#.#)#.#.#.#.#.#.#.
#.#.#.#.#.#.#.#.#?#.#.
##.#.#.#.#.#.#.#.#.#.#
#.#.#.#.#.#.#.#.#.#.#.
##.#.#.#.#.#.#.#.#.#.#
#.#.#.#.#.#.#.#.#.#.#.
##.#.#.#.#.#.#.#.#.#.#
#.#.#.#.#.#.#.#.#.#.#.


You could see a hornet and an orc.

Vanquished Creatures
  A water moccasin (D:7)
  Duvessa (D:6)
  An orc warrior (D:7)
  2 necrophages (D:5)
  A centaur (D:8)
  2 phantoms
  Dowan (D:6)
  A bullfrog (D:4)
  A water moccasin zombie (D:6)
  A water moccasin skeleton (D:5)
  4 wights (D:6)
  A bullfrog zombie (D:5)
  A centaur zombie (D:7)
  2 hounds
  An orc priest (D:7)
  A bullfrog skeleton (D:4)
  2 iguanas
  5 orc wizards
  A hound skeleton (D:4)
  11 adders
  A shadow imp (D:5)
  An ufetubus (D:4)
  An adder skeleton (D:4)
  3 worms (D:2)
  A dart slug (D:5)
  27 orcs
  5 bats
  7 endoplasms
  4 giant cockroaches
  9 goblins
  7 hobgoblins
  6 jackals
  7 kobolds
  7 quokkas
  6 ball pythons
  6 frilled lizards
  10 rats
149 creatures vanquished.

Vanquished Creatures (others)
  3 plants (D:3)
3 creatures vanquished.

Grand Total: 152 creatures vanquished

Notes
Turn   | Place    | Note
-------+----------+-------------------------------------------
     0 | D:1      | amoeba the Minotaur Fighter began the quest for the Orb.
     0 | D:1      | Reached XP level 1. HP: 19/19 MP: 0/0
   131 | D:1      | Reached XP level 2. HP: 27/27 MP: 1/1
   842 | D:1      | Reached XP level 3. HP: 33/33 MP: 2/2
  1081 | D:2      | Found a bloodstained altar of Trog.
  1106 | D:2      | Became a worshipper of Trog the Wrathful
  1388 | D:2      | Reached XP level 4. HP: 38/40 MP: 3/3
  2234 | D:3      | Reached skill level 5 in Axes
  2329 | D:3      | Found Futiosit's Antique Weapon Emporium.
  2413 | D:3      | Found a glowing drain.
  2421 | D:3      | Reached XP level 5. HP: 34/46 MP: 4/4
  2790 | D:3      | Reached * piety under Trog
  3122 | D:4      | Found Ufont's Armour Boutique.
  3131 | D:4      | Found a stormy altar of Qazlal.
  3226 | D:4      | Reached skill level 1 in Dodging
  3363 | D:4      | Noticed a phantom
  3576 | D:4      | Reached XP level 6. HP: 53/53 MP: 5/5
  3598 | D:4      | Reached skill level 5 in Shields
  4055 | D:5      | Entered Level 5 of the Dungeon
  4078 | D:5      | Reached ** piety under Trog
  4285 | D:5      | Found a bloodstained altar of Trog.
  4291 | D:5      | Found a radiant altar of Vehumet.
  4483 | D:5      | Reached skill level 5 in Fighting
  4483 | D:5      | Reached skill level 5 in Armour
  4483 | D:5      | Reached XP level 7. HP: 49/61 MP: 6/6
  4888 | D:5      | Reached skill level 1 in Polearms
  5353 | D:6      | Reached XP level 8. HP: 33/67 MP: 7/7
  5609 | D:6      | Noticed a seven-headed hydra
  5629 | D:6      | Noticed Dowan
  5630 | D:6      | Noticed Duvessa
  5762 | D:4      | Bought a +0 chain mail for 63 gold pieces
  5762 | D:4      | Bought a +0 pair of boots for 63 gold pieces
  5845 | D:6      | Killed Duvessa
  5865 | D:6      | Killed Dowan
  5885 | D:6      | Identified a scroll of acquirement
  5885 | D:6      | Acquired a +0 cloak of willpower
  6154 | D:7      | Found a transporter.
  6159 | D:7      | Found a basalt altar of Yredelemnul.
  6163 | D:7      | Noticed Menkaure
  6170 | D:7      | Found an ancient bone altar of Kikubaaqudgha.
  6224 | D:7      | Identified the amulet of Wariness {Spirit Contam Int+3
                  | Dex+3 Stlth+}
  6280 | D:7      | Reached *** piety under Trog
  6338 | D:7      | Found a shadowy altar of Dithmenos.
  6373 | D:7      | Found Osmi's Island Escapes.
  6464 | D:7      | Found a hazy altar of Hepliaklqana.
  6523 | D:7      | Found a transporter.
  6803 | D:7      | Reached skill level 5 in Polearms
  7285 | D:8      | Noticed a hornet
  7290 | D:8      | Paralysed by a hornet for 1 turns
  7291 | D:8      | HP: 2/70 [hornet (2)]
  7292 | D:8      | Succumbed to a hornet's poison

Illustrated notes

Levels and vault maps discovered:
D:1:      dpeg_arrival_ratfight, layout_loops_cross, minmay_tetromino_i2
D:2:      layout_basic, basic_altar
D:3:      layout_loops_corners, portal_sewer_entry_d, serial_shops,
          nicolae_shop_overgrown_old_shop, palyth_stone_intersect,
          minmay_circle_x
D:4:      layout_loops_cross, nicolae_qazlal_scattered_showers,
          minmay_statues_item, minmay_misc_feat_diagonals,
          nicolae_stop_n_shop_2, kennysheep_potato
D:5:      layout_basic, mainiacjoe_overflow_catwalk_spiral
D:6:      layout_loops_ring, mainiacjoe_overflow_24_doors,
          minmay_temple_entry_statues_pillars, st_stairs_2, uniq_duvessa
D:7:      layout_basic, gammafunk_temple_of_torment, general_overflow_altar,
          mainiacjoe_overflow_catwalk, chequers_decorated_corner,
          nicolae_island_escapes
D:8:      layout_basic, okawaru_trees_1, nicolae_shop_clearance

Skill      XL: |  1  2  3  4  5  6  7  8 |
---------------+-------------------------+-----
Fighting       | 4 5 6 |  6.2
Shields        | 4 5 6 |  6.4
Armour         | 4 5 6 7 |  7.1
Axes           | 3 5 6 7 |  7.0
Dodging        | 1 2 3 |  3.1
Polearms       | 2 5 |  5.1
Stealth        | |  0.4

Action                   |  1- 3 |  4- 6 |  7- 9 || total
-------------------------+-------+-------+-------++-------
Melee: War axe           |    75 |   170 |    45 ||   290
       Headbutt          |     6 |    24 |    18 ||    48
       Trident           |       |       |    93 ||    93
  Use: Scroll            |       |     7 |    12 ||    19
       Potion            |       |       |     2 ||     2
Armor: Scale mail        |    45 |   102 |    29 ||   176
       Chain mail        |       |       |    29 ||    29
Dodge: Dodged            |    16 |    64 |    48 ||   128
Block: Kite shield       |    40 |    84 |    50 ||   174
